 Dungeon Crawl Stone Soup version 0.26.1-11-gd32895ea62 (webtiles) character file.

Game seed: 2492807940051116520

1078 Descartes the Insei (level 8, -2/37 HPs)
             Began as a Vine Stalker Transmuter on July 25, 2021.
             Slain by a two-headed ogre
             ... wielding a +0 giant club
              (11 damage)
             ... on level 5 of the Dungeon.
             The game lasted 00:11:19 (5527 turns).

Descartes the Insei (Vine Stalker Transmuter)       Turns: 5527, Time: 00:11:22

Health: -2/37      AC:  8    Str: 13    XL:     8   Next: 29%
Magic:  0/12       EV: 11    Int: 14    God:
Gold:   312        SH:  0    Dex: 16    Spells: 4/11 levels left

rFire    + . .     SeeInvis .     - Unarmed
rCold    . . .     Faith    .   (no shield)
rNeg     . . .     Spirit   +   q - +0 scale mail
rPois    .         Reflect  .   k - +1 hat
rElec    .         Harm     .   (no cloak)
rCorr    .         Rampage  .   m - +0 pair of gloves
Will     +....                  (no boots)
Stlth    +.........             B - amulet of regeneration
HPRegen  0.92/turn              w - ring of protection from fire
MPRegen  0.13/turn              (no ring)

@: no status effects
A: fangs 3, regeneration 1, magic shield, antimagic bite, no potion heal 3
a: no special abilities


You were on level 5 of the Dungeon.
You visited 2 branches of the dungeon, and saw 7 of its levels.

You collected 312 gold pieces.

Inventory:

Hand Weapons
 g - a +2 dagger of flaming
 t - a +4 short sword
 u - a +0 hunting sling
 v - a +2 short sword of flaming
Missiles
 h - 256 stones
 i - 131 arrows
 r - 39 bolts
 y - 35 poisoned darts
Armour
 a - a +0 robe
 k - a +1 hat (worn)
 m - a +0 pair of gloves (worn)
 p - a +0 leather armour
 q - a +0 scale mail (worn)
Jewellery
 c - an uncursed ring of fire
 w - a ring of protection from fire (left hand)
 B - an amulet of regeneration (around neck)
Scrolls
 b - a scroll of blinking
 e - a scroll of acquirement {unknown}
 f - a scroll of noise
 n - 3 scrolls of teleportation
 o - a scroll of enchant armour
 x - 5 scrolls of remove curse
 z - a scroll of fear
Potions
 d - a potion of lignification
 j - 4 potions of curing
 l - a potion of cancellation
 s - a potion of berserk rage
 A - 2 potions of flight
 C - a potion of heal wounds {unknown}


   Skills:
 - Level 0.8 Fighting
 + Level 4.7 Dodging
 - Level 2.0 Stealth
 + Level 6.1 Unarmed Combat
 - Level 2.1 Spellcasting
 + Level 5.6 Transmutations


You had 4 spell levels left.
You knew the following spells:

 Your Spells              Type           Power        Failure   Level
a - Beastly Appendage     Tmut           34%          12%         1
b - Blade Hands           Tmut           8%           97%         5
c - Corona                Hex            1%           75%         1

Your spell library contained the following spells:

 Spells                   Type           Power        Failure   Level
 Wereblood                Tmut           17%          17%         2
 Spider Form              Tmut/Pois      4%           73%         3
 Animate Skeleton         Necr           2%           75%         1
 Apportation              Tloc           2%           75%         1
 Summon Small Mammal      Summ           4%           75%         1
 Ice Form                 Ice/Tmut       9%           98%         4


Dungeon Overview and Level Annotations

Branches:
Dungeon (6/15)             Temple (1/1) D:5

Altars:
Ashenzari
Cheibriados
Elyvilon
Hepliaklqana
Makhleb
Nemelex Xobeh
Okawaru
Sif Muna
Trog
Uskayaw
Vehumet
Wu Jian
Xom
Yredelemnul

Shops:
D:4 (


Innate Abilities, Weirdness & Mutations

You have razor-sharp teeth.
Your natural rate of healing is unusually fast.
When hurt, damage is shared between your health and your magic reserves.
Your bite disrupts and absorbs the magic of your enemies.
Potions cannot restore your health.


Message History

You feel invigorated.
The two-headed ogre is lightly wounded.
The two-headed ogre hits you with a +0 giant club!
The two-headed ogre hits you with a +0 dire flail.
You hit the two-headed ogre. Your bite misses the two-headed ogre.
The two-headed ogre is moderately wounded.
The two-headed ogre barely misses you. x2
You hit the two-headed ogre. You bite the two-headed ogre. You drain its power.
You feel invigorated.
The two-headed ogre is moderately wounded.
The two-headed ogre hits you with a +0 giant club!
The two-headed ogre hits you with a +0 dire flail.
You barely miss the two-headed ogre.
You bite the two-headed ogre, but do no damage.
The two-headed ogre is moderately wounded.
The two-headed ogre hits you with a +0 giant club!!
Ouch! That really hurt!
* * * LOW HITPOINT WARNING * * *
The two-headed ogre hits you with a +0 dire flail!
You die...

....# #..#.......#..#.....##..#
....# #.............#.#...##..#
....####..#...>...#..#.........#
....................###..#####.#
.....####.#.......#.# #..#####.#
.......##...........# #........#
.......##.#.#.#.#.#.# ##!#######
)÷.....##........O..# #...#
##...###########@#..########
.#...# ####.....###≈≈≈≈≈## #
..#.#######......####≈≈≈≈≈≈≈#####
...................'#≈≈...≈≈#+...
..#.#######......####≈≈._.≈≈#####
.##.# #.....## #≈≈...≈≈# # ###.#
#.....# #≈≈≈.≈≈≈# ....# ###.###
##≈≈.≈≈## ##### #.# ###'###


You could see a two-headed ogre.

Vanquished Creatures
  A sky beast (D:5)
  An ogre (D:5)
  3 centaurs (D:5)
  The ghost of H0rd4k the Insei, an amateur OpTm (D:3)
  A howler monkey (D:5)
  4 hounds (D:5)
  2 orc priests (D:5)
  4 orc wizards
  2 worker ants (D:4)
  A centaur simulacrum (D:3)
  6 adders
  2 hound simulacra (D:3)
  A shadow imp (D:5)
  A white imp (D:3)
  An ufetubus (D:5)
  An adder skeleton (D:3)
  3 worms
  4 dart slugs
  An adder simulacrum (D:3)
  3 leopard geckos
  6 orcs
  5 giant cockroaches
  8 goblins
  12 hobgoblins
  3 jackals (D:1)
  8 kobolds
  2 quokkas (D:5)
  A ball python (D:3)
  5 bats
  4 rats
97 creatures vanquished.

Vanquished Creatures (others)
  4 toadstools (D:1)
4 creatures vanquished.

Grand Total: 101 creatures vanquished

Notes
Turn   | Place    | Note
-------+----------+-------------------------------------------
     0 | D:1      | Descartes the Vine Stalker Transmuter began the quest for
                  | the Orb.
     0 | D:1      | Reached XP level 1. HP: 9/9 MP: 4/4
   321 | D:1      | Reached skill level 1 in Stealth
   321 | D:1      | Reached XP level 2. HP: 11/14 MP: 6/6
   840 | D:1      | Reached XP level 3. HP: 17/17 MP: 7/7
  1692 | D:2      | Found a broken altar of Ashenzari.
  1706 | D:2      | Gained mutation: Your natural rate of healing is unusually
                  | fast. [Vine Stalker growth]
  1706 | D:2      | Reached XP level 4. HP: 8/21 MP: 8/8
  2081 | D:3      | Found a runed translucent gate.
  2082 | D:3      | Found a runed translucent gate.
  2083 | D:3      | Found a runed translucent gate.
  2181 | D:3      | Found a hazy altar of Hepliaklqana.
  2239 | D:3      | Noticed H0rd4k's ghost (amateur OpTm)
  2655 | D:3      | Reached XP level 5. HP: 18/25 MP: 5/9
  2731 | D:3      | Found a shimmering altar of Xom.
  2840 | D:4      | Found Vuch's Antique Weapon Shop.
  3017 | D:4      | Reached skill level 4 in Unarmed Combat
  3069 | D:4      | Found an ornate altar of the Wu Jian Council.
  3142 | D:4      | Learned a level 5 spell: Blade Hands
  3271 | D:4      | Learned a level 1 spell: Corona
  3413 | D:4      | Reached XP level 6. HP: 27/29 MP: 8/10
  3508 | D:5      | Entered Level 5 of the Dungeon
  3519 | D:5      | Found a shimmering blue altar of Sif Muna.
  3735 | D:5      | Found a staircase to the Ecumenical Temple.
  3859 | D:5      | Reached XP level 7. HP: 26/32 MP: 8/11
  4001 | D:5      | Found a burning altar of Makhleb.
  4089 | D:5      | Reached skill level 5 in Unarmed Combat
  4267 | D:3      | Killed H0rd4k's ghost
  4579 | D:5      | Reached skill level 5 in Transmutations
  4646 | Temple   | Entered the Ecumenical Temple
  4738 | D:5      | Gained mutation: You have razor-sharp teeth. [Vine Stalker
                  | growth]
  4738 | D:5      | Reached XP level 8. HP: 27/37 MP: 8/12
  5139 | D:5      | Reached skill level 6 in Unarmed Combat
  5409 | D:6      | Noticed a two-headed ogre
  5527 | D:5      | Slain by a two-headed ogre

Illustrated notes

Levels and vault maps discovered:
D:1:      ldierk_walled_garden_2, layout_loops_ring
D:2:      cheibrodos_old_hovel, layout_basic, overflow_temple_1_default,
          dk_noncrumbling_2, minmay_misc_feat_alley, minmay_crystal_room
D:3:      layout_basic, marbit_many_paths, gammafunk_ghost_icy, xom_teletrap_fun
D:4:      layout_cave_pools, nicolae_overflow_crystal_walls, serial_shops, shop
D:5:      minmay_spotlight, layout_loops_corners, led_sif_pool,
          lemuel_round_altar, minmay_temple_entry_glass, patterned_corridor
D:6:      layout_cave_pods, kennysheep_vampire_church
Temple:   dpeg_three_leaves_temple

Skill      XL: |  1  2  3  4  5  6  7  8 |
---------------+-------------------------+-----
Stealth        | 1 2 |  2.0
Dodging        | 2 3 4 |  4.7
Transmutations | 3 4 5 |  5.6
Unarmed Combat | 4 5 6 |  6.1
Fighting       | |  0.8
Spellcasting   | |  2.1

Action                   |  1- 3 |  4- 6 |  7- 9 || total
-------------------------+-------+-------+-------++-------
Melee: Unarmed           |   112 |   218 |   114 ||   444
       Bite              |    22 |    51 |    30 ||   103
       Punch             |     3 |     3 |     4 ||    10
       Short sword       |       |       |    31 ||    31
  Use: Scroll            |       |       |    12 ||    12
 Stab: Sleeping          |     3 |       |       ||     3
Armor: Robe              |    19 |       |       ||    19
       Scale mail        |       |    87 |    66 ||   153
Dodge: Dodged            |    69 |    89 |    65 ||   223
